[ PARTIDA AOE2 · #476363304 ]
UnrankedJemeres vs Franks
[ ANÁLISIS DE REPETICIÓN · EXTRAÍDO DE LA PARTIDA GRABADA ]
Feudal
10:15
Castillos
14:43
Imperial
27:37
| APM promedio | 49.6 |
| APM pico | 117 |
| eAPM promedio | 31.5 |
| Aldeanos / militares | 161 / 257 |
Foco
⚔️ 32.1% · 🌾 67.9%
Knight ×146 · Scout Cavalry ×59 · Battle Elephant ×48 · Trebuchet (Packed) ×3 · Ballista Elephant ×1
Feudal
10:56
Castillos
14:36
Imperial
30:07
| APM promedio | 48.7 |
| APM pico | 87 |
| eAPM promedio | 28.7 |
| Aldeanos / militares | 202 / 460 |
Foco
⚔️ 28.6% · 🌾 71.4%
Spearman ×285 · Knight ×154 · Trade Cart ×36 · Scout Cavalry ×9 · Monk ×6 · Trebuchet (Packed) ×6
Feudal
11:46
Castillos
15:18
Imperial
31:14
| APM promedio | 36.8 |
| APM pico | 73 |
| eAPM promedio | 20.8 |
| Aldeanos / militares | 157 / 129 |
Foco
⚔️ 31.8% · 🌾 68.2%
Mangudai ×103 · Scorpion ×20 · Trade Cart ×19 · Battering Ram ×4 · Petard ×2
Feudal
11:38
Castillos
16:07
Imperial
28:00
| APM promedio | 51.8 |
| APM pico | 91 |
| eAPM promedio | 27.3 |
| Aldeanos / militares | 274 / 97 |
Foco
⚔️ 24.2% · 🌾 75.8%
Knight ×91 · Flemish Militia ×5 · Spearman ×1
Feudal
10:25
Castillos
14:26
Imperial
37:58
| APM promedio | 28.8 |
| APM pico | 81 |
| eAPM promedio | 17.8 |
| Aldeanos / militares | 174 / 150 |
Foco
⚔️ 36.4% · 🌾 63.6%
Knight ×148 · Trebuchet (Packed) ×2
Feudal
—
Castillos
—
Imperial
—
| APM promedio | 43.0 |
| APM pico | 96 |
| eAPM promedio | 23.3 |
| Aldeanos / militares | 170 / 203 |
Foco
⚔️ 38.5% · 🌾 61.5%
Elephant Archer ×153 · Monk ×24 · Ratha (Ranged) ×16 · Trebuchet (Packed) ×8 · Mangonel ×2
Feudal
10:56
Castillos
14:26
Imperial
29:17
| APM promedio | 35.6 |
| APM pico | 60 |
| eAPM promedio | 19.1 |
| Aldeanos / militares | 157 / 320 |
Foco
⚔️ 32.5% · 🌾 67.5%
Spearman ×216 · Skirmisher ×55 · Mangonel ×23 · Trade Cart ×23 · Bombard Cannon ×17 · Scorpion ×7
Feudal
10:11
Castillos
14:22
Imperial
34:01
| APM promedio | 41.5 |
| APM pico | 77 |
| eAPM promedio | 19.3 |
| Aldeanos / militares | 138 / 288 |
Foco
⚔️ 32.0% · 🌾 68.0%
Skirmisher ×229 · Hand Cannoneer ×21 · Hussite Wagon ×17 · Bombard Cannon ×15 · Petard ×3 · Mangonel ×3
Mapa de la partida
Recursos iniciales + cada clic de construcción. Líneas = muros · curvas = relieve. ◆ oro · ⬟ piedra · ● bayas · ✦ reliquia · ◌ hueco del cierre
Tu base· ✓ Cerrada en 14:43 · 0t muro · 2 puerta(s)
Base de Qian· ✓ Cerrada en 14:36 · 0t muro · 2 puerta(s)
Base de Čiko· ✓ Cerrada en 15:18 · 0t muro · 3 puerta(s)
Base de ELEG | Rafcelot· ✓ Cerrada en 16:07 · 0t muro · 3 puerta(s)
Base de TheAngryHog· ✓ Cerrada en 14:26 · 0t muro · 3 puerta(s)
Base de LicKawamas97· ✓ Cerrada en 12:29 · 0t muro · 2 puerta(s)
Base de Noxx· ✓ Cerrada en 14:26 · 0t muro · 2 puerta(s)
Base de Darken· ✓ Cerrada en 14:22 · 0t muro · 3 puerta(s)
Terreno inicial suavizado · ◌ = hueco del cierre detectado · pasá el cursor para detalles
Inputs por minuto
— ELEG | Gabo - - Qian
Build order — ELEG | Gabo
Primeras 150 de 594 acciones detectadas
| 0:01 | Crear | Villager (Male) |
| 0:02 | Crear | Villager (Male) |
| 0:02 | Crear | Villager (Male) |
| 0:02 | Crear | Villager (Male) |
| 0:02 | Crear | Villager (Male) |
| 0:04 | Construir | House |
| 0:05 | Construir | House |
| 1:24 | Crear | Villager (Male) |
| 1:58 | Construir | Lumber Camp |
| 2:01 | Crear | Villager (Male) |
| 2:18 | Crear | Villager (Male) |
| 2:39 | Crear | Villager (Male) |
| 2:40 | Crear | Villager (Male) |
| 3:00 | Crear | Villager (Male) |
| 3:25 | Construir | House |
| 3:26 | Construir | House |
| 3:45 | Crear | Villager (Male) |
| 3:45 | Crear | Villager (Male) |
| 4:00 | Crear | Villager (Male) |
| 4:26 | Crear | Villager (Male) |
| 4:37 | Crear | Villager (Male) |
| 4:38 | Crear | Villager (Male) |
| 4:57 | Crear | Villager (Male) |
| 5:05 | Construir | Mill |
| 5:43 | Construir | Mining Camp |
| 5:55 | Crear | Villager (Male) |
| 5:55 | Crear | Villager (Male) |
| 6:33 | Crear | Villager (Male) |
| 6:56 | Crear | Villager (Male) |
| 7:38 | Crear | Villager (Male) |
| 8:05 | Investigar | Feudal Age |
| 8:05 | Investigar | Feudal Age |
| 9:13 | Investigar | Loom |
| 9:56 | Crear | Villager (Male) |
| 9:56 | Crear | Villager (Male) |
| 10:15 | Edad | Edad Feudal |
| 10:20 | Construir | Market |
| 10:22 | Construir | Blacksmith |
| 12:03 | Investigar | Castle Age |
| 12:04 | Investigar | Castle Age |
| 12:24 | Investigar | Double-Bit Axe |
| 12:24 | Investigar | Double-Bit Axe |
| 13:35 | Construir | House |
| 13:37 | Construir | House |
| 14:43 | Edad | Edad de los Castillos |
| 14:46 | Construir | Town Center |
| 14:49 | Construir | Town Center |
| 14:53 | Crear | Villager (Male) |
| 14:53 | Crear | Villager (Male) |
| 15:26 | Construir | Farm |
| 15:30 | Investigar | Horse Collar |
| 15:38 | Crear | Villager (Male) |
| 15:38 | Crear | Villager (Male) |
| 15:41 | Construir | Farm |
| 15:44 | Construir | Farm |
| 15:47 | Construir | Farm |
| 15:50 | Construir | Farm |
| 15:57 | Crear | Villager (Male) |
| 15:57 | Crear | Villager (Male) |
| 16:05 | Construir | Farm |
| 16:15 | Construir | Farm |
| 16:25 | Crear | Villager (Male) |
| 16:25 | Crear | Villager (Male) |
| 16:30 | Construir | Farm |
| 16:34 | Construir | Farm |
| 16:37 | Construir | Farm |
| 16:45 | Construir | Farm |
| 16:46 | Crear | Villager (Male) |
| 16:46 | Crear | Villager (Male) |
| 16:48 | Crear | Villager (Male) |
| 16:57 | Construir | Farm |
| 17:05 | Construir | Farm |
| 17:06 | Crear | Villager (Male) |
| 17:06 | Crear | Villager (Male) |
| 17:17 | Crear | Villager (Male) |
| 17:18 | Crear | Villager (Male) |
| 17:19 | Construir | Farm |
| 17:30 | Crear | Villager (Male) |
| 17:30 | Crear | Villager (Male) |
| 17:37 | Construir | Farm |
| 17:40 | Crear | Villager (Male) |
| 17:40 | Crear | Villager (Male) |
| 17:42 | Construir | Farm |
| 17:50 | Crear | Villager (Male) |
| 17:52 | Construir | Farm |
| 18:02 | Crear | Villager (Male) |
| 18:02 | Crear | Villager (Male) |
| 18:10 | Crear | Villager (Male) |
| 18:10 | Crear | Villager (Male) |
| 18:16 | Construir | Farm |
| 18:19 | Construir | Farm |
| 18:22 | Construir | Farm |
| 18:25 | Crear | Villager (Male) |
| 18:25 | Crear | Villager (Male) |
| 18:27 | Crear | Villager (Male) |
| 18:32 | Construir | Farm |
| 18:35 | Crear | Villager (Male) |
| 18:35 | Crear | Villager (Male) |
| 18:43 | Construir | Farm |
| 18:44 | Crear | Villager (Male) |
| 18:44 | Crear | Villager (Male) |
| 18:55 | Crear | Villager (Male) |
| 18:58 | Crear | Villager (Male) |
| 18:58 | Crear | Villager (Male) |
| 19:03 | Construir | House |
| 19:05 | Construir | House |
| 19:07 | Construir | House |
| 19:08 | Construir | House |
| 19:09 | Crear | Villager (Male) |
| 19:10 | Crear | Villager (Male) |
| 19:12 | Crear | Villager (Male) |
| 19:16 | Construir | Farm |
| 19:18 | Crear | Villager (Male) |
| 19:19 | Crear | Villager (Male) |
| 19:25 | Crear | Villager (Male) |
| 19:29 | Construir | Farm |
| 19:31 | Crear | Villager (Male) |
| 19:36 | Construir | Lumber Camp |
| 19:38 | Crear | Villager (Male) |
| 19:38 | Crear | Villager (Male) |
| 19:59 | Crear | Villager (Male) |
| 19:59 | Crear | Villager (Male) |
| 20:00 | Crear | Villager (Male) |
| 20:04 | Crear | Villager (Male) |
| 20:08 | Construir | Farm |
| 20:11 | Construir | Farm |
| 20:14 | Crear | Villager (Male) |
| 20:14 | Crear | Villager (Male) |
| 20:28 | Investigar | Bow Saw |
| 20:39 | Construir | House |
| 20:41 | Construir | House |
| 21:00 | Crear | Villager (Male) |
| 21:01 | Crear | Villager (Male) |
| 21:06 | Crear | Villager (Male) |
| 21:12 | Construir | Mining Camp |
| 21:17 | Crear | Villager (Male) |
| 21:26 | Investigar | Gold Mining |
| 21:27 | Investigar | Stone Mining |
| 21:31 | Construir | House |
| 21:32 | Construir | House |
| 21:32 | Construir | House |
| 21:42 | Crear | Villager (Male) |
| 21:49 | Construir | Mining Camp |
| 21:51 | Crear | Villager (Male) |
| 21:56 | Crear | Villager (Male) |
| 21:57 | Crear | Villager (Male) |
| 21:57 | Crear | Villager (Male) |
| 21:57 | Crear | Villager (Male) |
| 21:59 | Crear | Villager (Male) |
| 21:59 | Crear | Villager (Male) |
Build order — Qian
Primeras 150 de 582 acciones detectadas
| 0:00 | Crear | Villager (Male) |
| 0:01 | Crear | Villager (Male) |
| 0:01 | Crear | Villager (Male) |
| 0:02 | Construir | House |
| 0:04 | Construir | House |
| 0:08 | Crear | Villager (Male) |
| 0:08 | Crear | Villager (Male) |
| 1:25 | Crear | Villager (Male) |
| 1:25 | Crear | Villager (Male) |
| 1:45 | Construir | Lumber Camp |
| 1:59 | Crear | Villager (Male) |
| 1:59 | Crear | Villager (Male) |
| 2:16 | Crear | Villager (Male) |
| 2:16 | Crear | Villager (Male) |
| 2:46 | Crear | Villager (Male) |
| 2:46 | Crear | Villager (Male) |
| 3:02 | Crear | Villager (Male) |
| 3:21 | Construir | House |
| 3:22 | Construir | House |
| 3:33 | Crear | Villager (Male) |
| 3:33 | Crear | Villager (Male) |
| 4:02 | Crear | Villager (Male) |
| 4:02 | Crear | Villager (Male) |
| 4:31 | Crear | Villager (Male) |
| 4:32 | Crear | Villager (Male) |
| 4:59 | Crear | Villager (Male) |
| 5:07 | Construir | Mill |
| 5:19 | Crear | Villager (Male) |
| 5:19 | Crear | Villager (Male) |
| 5:19 | Crear | Villager (Male) |
| 5:33 | Crear | Villager (Male) |
| 5:33 | Crear | Villager (Male) |
| 5:50 | Crear | Villager (Male) |
| 6:25 | Crear | Villager (Male) |
| 6:25 | Crear | Villager (Male) |
| 6:43 | Construir | Farm |
| 6:46 | Construir | Farm |
| 6:48 | Construir | Farm |
| 7:25 | Crear | Villager (Male) |
| 7:25 | Crear | Villager (Male) |
| 7:26 | Crear | Villager (Male) |
| 8:26 | Investigar | Feudal Age |
| 8:26 | Investigar | Feudal Age |
| 8:50 | Construir | Barracks |
| 9:37 | Crear | Villager (Male) |
| 9:37 | Crear | Villager (Male) |
| 10:28 | Construir | House |
| 10:56 | Edad | Edad Feudal |
| 11:03 | Construir | Stable |
| 11:07 | Construir | Market |
| 11:18 | Investigar | Double-Bit Axe |
| 11:56 | Investigar | Castle Age |
| 11:56 | Investigar | Castle Age |
| 12:08 | Construir | Lumber Camp |
| 12:15 | Crear | Scout Cavalry |
| 12:15 | Crear | Scout Cavalry |
| 12:43 | Construir | Farm |
| 12:45 | Construir | Farm |
| 12:53 | Construir | House |
| 12:55 | Construir | House |
| 13:19 | Crear | Villager (Male) |
| 13:27 | Construir | Farm |
| 13:29 | Construir | Farm |
| 13:31 | Construir | Farm |
| 13:33 | Construir | Farm |
| 13:34 | Crear | Scout Cavalry |
| 14:07 | Crear | Villager (Male) |
| 14:36 | Edad | Edad de los Castillos |
| 14:43 | Construir | Town Center |
| 14:57 | Construir | Town Center |
| 15:06 | Construir | Town Center |
| 15:06 | Crear | Villager (Male) |
| 15:06 | Crear | Villager (Male) |
| 15:15 | Investigar | Double-Bit Axe |
| 15:16 | Investigar | Double-Bit Axe |
| 15:51 | Crear | Villager (Male) |
| 15:55 | Construir | Farm |
| 16:05 | Crear | Villager (Male) |
| 16:05 | Crear | Villager (Male) |
| 16:21 | Construir | Farm |
| 16:22 | Construir | Farm |
| 16:24 | Construir | Farm |
| 16:25 | Crear | Villager (Male) |
| 16:25 | Crear | Villager (Male) |
| 16:31 | Crear | Villager (Male) |
| 16:33 | Construir | Farm |
| 16:35 | Construir | Farm |
| 16:51 | Crear | Villager (Male) |
| 16:57 | Construir | Farm |
| 16:58 | Construir | Farm |
| 17:00 | Construir | Farm |
| 17:02 | Crear | Villager (Male) |
| 17:04 | Construir | Farm |
| 17:13 | Crear | Villager (Male) |
| 17:24 | Crear | Villager (Male) |
| 17:24 | Crear | Villager (Male) |
| 17:33 | Construir | Farm |
| 17:35 | Construir | Farm |
| 17:35 | Crear | Villager (Male) |
| 17:35 | Crear | Villager (Male) |
| 17:45 | Crear | Villager (Male) |
| 17:45 | Crear | Villager (Male) |
| 17:49 | Construir | Farm |
| 17:51 | Crear | Villager (Male) |
| 17:58 | Crear | Villager (Male) |
| 17:58 | Crear | Villager (Male) |
| 18:14 | Construir | House |
| 18:15 | Crear | Villager (Male) |
| 18:15 | Crear | Villager (Male) |
| 18:18 | Construir | Farm |
| 18:18 | Crear | Villager (Male) |
| 18:18 | Crear | Villager (Male) |
| 18:26 | Construir | Farm |
| 18:29 | Construir | Farm |
| 18:30 | Crear | Villager (Male) |
| 18:30 | Crear | Villager (Male) |
| 18:40 | Construir | House |
| 18:44 | Construir | House |
| 18:48 | Construir | House |
| 18:55 | Crear | Villager (Male) |
| 18:55 | Crear | Villager (Male) |
| 18:58 | Construir | House |
| 19:09 | Construir | Outpost |
| 19:13 | Crear | Villager (Male) |
| 19:25 | Construir | House |
| 19:27 | Construir | Farm |
| 19:33 | Crear | Villager (Male) |
| 19:34 | Crear | Villager (Male) |
| 19:34 | Crear | Villager (Male) |
| 19:34 | Crear | Villager (Male) |
| 19:35 | Crear | Villager (Male) |
| 19:38 | Investigar | Bow Saw |
| 19:39 | Investigar | Bow Saw |
| 19:59 | Construir | Outpost |
| 20:00 | Crear | Villager (Male) |
| 20:06 | Construir | Monastery |
| 20:09 | Crear | Villager (Male) |
| 20:19 | Crear | Villager (Male) |
| 20:21 | Crear | Villager (Male) |
| 20:31 | Crear | Villager (Male) |
| 20:36 | Investigar | Wheelbarrow |
| 20:36 | Crear | Villager (Male) |
| 20:39 | Construir | Farm |
| 20:42 | Construir | House |
| 20:43 | Crear | Villager (Male) |
| 20:53 | Construir | Town Center |
| 20:54 | Crear | Villager (Male) |
| 20:57 | Construir | House |
| 21:00 | Construir | House |
| 21:00 | Crear | Villager (Male) |
Build order — Čiko
Primeras 150 de 534 acciones detectadas
| 0:01 | Crear | Villager (Male) |
| 0:01 | Crear | Villager (Male) |
| 0:02 | Construir | House |
| 0:03 | Construir | House |
| 0:14 | Crear | Villager (Male) |
| 0:15 | Crear | Villager (Male) |
| 1:26 | Crear | Villager (Male) |
| 1:49 | Crear | Villager (Male) |
| 2:11 | Construir | Lumber Camp |
| 2:18 | Crear | Villager (Male) |
| 2:19 | Crear | Villager (Male) |
| 2:44 | Crear | Villager (Male) |
| 2:44 | Crear | Villager (Male) |
| 3:08 | Crear | Villager (Male) |
| 3:18 | Crear | Villager (Male) |
| 3:43 | Crear | Villager (Male) |
| 3:43 | Crear | Villager (Male) |
| 3:49 | Construir | House |
| 4:10 | Construir | Mill |
| 4:27 | Crear | Villager (Male) |
| 4:27 | Crear | Villager (Male) |
| 4:28 | Crear | Villager (Male) |
| 4:58 | Crear | Villager (Male) |
| 4:58 | Crear | Villager (Male) |
| 5:06 | Crear | Villager (Male) |
| 5:29 | Crear | Villager (Male) |
| 5:40 | Construir | House |
| 5:45 | Construir | House |
| 5:48 | Construir | House |
| 5:54 | Crear | Villager (Male) |
| 6:29 | Construir | Farm |
| 6:55 | Construir | Farm |
| 7:33 | Construir | Farm |
| 8:01 | Construir | Mining Camp |
| 8:03 | Crear | Villager (Male) |
| 8:03 | Crear | Villager (Male) |
| 8:57 | Construir | Mining Camp |
| 9:12 | Investigar | Feudal Age |
| 9:58 | Crear | Villager (Male) |
| 9:58 | Crear | Villager (Male) |
| 11:46 | Edad | Edad Feudal |
| 11:48 | Construir | Market |
| 11:50 | Construir | Blacksmith |
| 11:56 | Investigar | Double-Bit Axe |
| 12:29 | Construir | Farm |
| 12:33 | Investigar | Horse Collar |
| 12:38 | Investigar | Castle Age |
| 12:57 | Construir | Farm |
| 13:24 | Construir | Farm |
| 13:43 | Construir | Farm |
| 14:25 | Investigar | Wheelbarrow |
| 15:18 | Edad | Edad de los Castillos |
| 15:24 | Construir | Town Center |
| 15:29 | Investigar | Bow Saw |
| 15:31 | Investigar | Heavy Plow |
| 15:41 | Construir | Castle |
| 16:17 | Crear | Villager (Male) |
| 16:17 | Crear | Villager (Male) |
| 16:20 | Construir | Farm |
| 16:30 | Construir | Farm |
| 16:47 | Crear | Villager (Male) |
| 16:49 | Construir | Farm |
| 16:55 | Crear | Villager (Male) |
| 16:56 | Crear | Villager (Male) |
| 17:26 | Crear | Villager (Male) |
| 17:26 | Crear | Villager (Male) |
| 17:29 | Construir | Farm |
| 17:31 | Construir | Farm |
| 17:38 | Crear | Mangudai |
| 17:48 | Construir | Farm |
| 17:49 | Crear | Villager (Male) |
| 18:05 | Crear | Villager (Male) |
| 18:10 | Construir | Farm |
| 18:11 | Crear | Mangudai |
| 18:14 | Crear | Villager (Male) |
| 18:25 | Construir | Farm |
| 18:28 | Crear | Villager (Male) |
| 18:35 | Crear | Mangudai |
| 18:40 | Crear | Mangudai |
| 18:43 | Crear | Villager (Male) |
| 18:43 | Crear | Villager (Male) |
| 18:52 | Construir | Farm |
| 19:02 | Crear | Petard |
| 19:08 | Construir | Farm |
| 19:10 | Crear | Villager (Male) |
| 19:10 | Crear | Villager (Male) |
| 19:22 | Construir | Farm |
| 19:26 | Construir | Farm |
| 19:31 | Crear | Villager (Male) |
| 19:31 | Crear | Villager (Male) |
| 19:42 | Investigar | Fletching |
| 19:44 | Crear | Mangudai |
| 19:49 | Crear | Mangudai |
| 20:10 | Crear | Villager (Male) |
| 20:13 | Crear | Villager (Male) |
| 20:13 | Crear | Mangudai |
| 20:16 | Crear | Petard |
| 20:31 | Construir | Town Center |
| 20:32 | Crear | Villager (Male) |
| 20:40 | Construir | Farm |
| 20:44 | Crear | Villager (Male) |
| 20:57 | Crear | Villager (Male) |
| 20:58 | Crear | Villager (Male) |
| 21:01 | Construir | Farm |
| 21:03 | Construir | Farm |
| 21:05 | Crear | Mangudai |
| 21:07 | Crear | Villager (Male) |
| 21:12 | Construir | House |
| 21:20 | Construir | House |
| 21:21 | Construir | House |
| 21:22 | Construir | House |
| 21:28 | Construir | House |
| 21:29 | Crear | Villager (Male) |
| 21:29 | Crear | Villager (Male) |
| 21:36 | Crear | Villager (Male) |
| 21:47 | Crear | Mangudai |
| 21:55 | Crear | Mangudai |
| 22:14 | Crear | Mangudai |
| 22:14 | Crear | Mangudai |
| 22:15 | Crear | Villager (Male) |
| 22:15 | Crear | Villager (Male) |
| 22:16 | Crear | Villager (Male) |
| 22:17 | Crear | Villager (Male) |
| 22:20 | Crear | Villager (Male) |
| 22:29 | Crear | Villager (Male) |
| 22:31 | Construir | Farm |
| 22:31 | Construir | Farm |
| 22:32 | Construir | Farm |
| 22:34 | Construir | Farm |
| 22:42 | Crear | Villager (Male) |
| 22:42 | Crear | Villager (Male) |
| 22:44 | Crear | Mangudai |
| 22:48 | Investigar | Bodkin Arrow |
| 22:51 | Crear | Villager (Male) |
| 23:12 | Crear | Villager (Male) |
| 23:12 | Crear | Villager (Male) |
| 23:13 | Crear | Villager (Male) |
| 23:18 | Construir | Farm |
| 23:18 | Construir | Farm |
| 23:23 | Construir | Farm |
| 23:25 | Construir | House |
| 23:26 | Construir | House |
| 23:39 | Crear | Villager (Male) |
| 23:39 | Crear | Villager (Male) |
| 23:40 | Crear | Villager (Male) |
| 23:40 | Crear | Villager (Male) |
| 23:41 | Crear | Mangudai |
| 23:46 | Construir | Farm |
| 23:46 | Construir | Farm |
| 23:46 | Construir | Farm |
Build order — ELEG | Rafcelot
Primeras 150 de 579 acciones detectadas
| 0:04 | Construir | House |
| 0:13 | Construir | House |
| 0:17 | Crear | Villager (Male) |
| 0:17 | Crear | Villager (Male) |
| 0:18 | Crear | Villager (Male) |
| 0:18 | Crear | Villager (Male) |
| 1:25 | Crear | Villager (Male) |
| 1:26 | Crear | Villager (Male) |
| 2:03 | Construir | Lumber Camp |
| 2:08 | Crear | Villager (Male) |
| 2:19 | Crear | Villager (Male) |
| 2:50 | Crear | Villager (Male) |
| 2:50 | Crear | Villager (Male) |
| 3:19 | Crear | Villager (Male) |
| 3:19 | Crear | Villager (Male) |
| 3:54 | Crear | Villager (Male) |
| 3:54 | Crear | Villager (Male) |
| 4:06 | Construir | House |
| 4:14 | Construir | House |
| 4:17 | Construir | House |
| 4:22 | Crear | Villager (Male) |
| 4:22 | Crear | Villager (Male) |
| 4:36 | Construir | Mill |
| 4:40 | Crear | Villager (Male) |
| 4:40 | Crear | Villager (Male) |
| 4:58 | Crear | Villager (Male) |
| 4:58 | Crear | Villager (Male) |
| 5:04 | Crear | Villager (Male) |
| 5:04 | Crear | Villager (Male) |
| 5:54 | Investigar | Double-Bit Axe |
| 6:08 | Crear | Villager (Male) |
| 6:08 | Crear | Villager (Male) |
| 6:09 | Crear | Villager (Male) |
| 6:35 | Crear | Villager (Male) |
| 6:38 | Crear | Villager (Male) |
| 6:46 | Crear | Villager (Male) |
| 6:46 | Crear | Villager (Male) |
| 7:28 | Crear | Villager (Male) |
| 7:48 | Crear | Villager (Male) |
| 7:52 | Investigar | Loom |
| 9:11 | Construir | Mining Camp |
| 9:18 | Investigar | Feudal Age |
| 9:40 | Construir | House |
| 9:49 | Crear | Villager (Male) |
| 9:49 | Crear | Villager (Male) |
| 10:12 | Construir | Farm |
| 10:16 | Construir | Farm |
| 10:21 | Construir | Farm |
| 10:23 | Construir | Farm |
| 10:39 | Construir | Farm |
| 10:53 | Construir | Farm |
| 10:53 | Construir | Farm |
| 11:38 | Edad | Edad Feudal |
| 11:54 | Construir | Market |
| 12:07 | Crear | Villager (Male) |
| 12:14 | Construir | Blacksmith |
| 13:27 | Investigar | Castle Age |
| 13:43 | Investigar | Bow Saw |
| 13:44 | Investigar | Horse Collar |
| 14:34 | Construir | House |
| 14:37 | Construir | House |
| 15:02 | Construir | Farm |
| 15:12 | Construir | Farm |
| 15:16 | Crear | Villager (Male) |
| 15:16 | Crear | Villager (Male) |
| 15:41 | Investigar | Wheelbarrow |
| 16:07 | Edad | Edad de los Castillos |
| 16:12 | Construir | Town Center |
| 16:21 | Construir | Town Center |
| 16:28 | Crear | Villager (Male) |
| 16:29 | Crear | Villager (Male) |
| 16:42 | Construir | Lumber Camp |
| 16:48 | Crear | Villager (Male) |
| 16:57 | Construir | Farm |
| 17:40 | Crear | Villager (Male) |
| 17:41 | Crear | Villager (Male) |
| 17:43 | Construir | Farm |
| 17:43 | Construir | Farm |
| 17:43 | Construir | Farm |
| 17:43 | Construir | Farm |
| 17:51 | Crear | Villager (Male) |
| 18:00 | Crear | Villager (Male) |
| 18:06 | Construir | Farm |
| 18:07 | Crear | Villager (Male) |
| 18:11 | Construir | Farm |
| 18:13 | Crear | Villager (Male) |
| 18:19 | Crear | Villager (Male) |
| 18:20 | Crear | Villager (Male) |
| 18:25 | Construir | Farm |
| 18:29 | Crear | Villager (Male) |
| 18:35 | Crear | Villager (Male) |
| 18:48 | Construir | Farm |
| 19:00 | Construir | Farm |
| 19:01 | Crear | Villager (Male) |
| 19:02 | Crear | Villager (Male) |
| 19:08 | Crear | Villager (Male) |
| 19:10 | Construir | Farm |
| 19:16 | Construir | Mill |
| 19:17 | Construir | Farm |
| 19:17 | Construir | Farm |
| 19:18 | Construir | Farm |
| 19:18 | Construir | Farm |
| 19:18 | Crear | Villager (Male) |
| 19:19 | Crear | Villager (Male) |
| 19:33 | Crear | Villager (Male) |
| 19:52 | Construir | Farm |
| 19:55 | Construir | Farm |
| 19:57 | Crear | Villager (Male) |
| 20:00 | Construir | Farm |
| 20:02 | Construir | Farm |
| 20:04 | Crear | Villager (Male) |
| 20:04 | Crear | Villager (Male) |
| 20:12 | Construir | House |
| 20:16 | Construir | House |
| 20:17 | Crear | Villager (Male) |
| 20:24 | Crear | Villager (Male) |
| 20:24 | Crear | Villager (Male) |
| 20:31 | Construir | House |
| 20:35 | Crear | Villager (Male) |
| 20:45 | Construir | House |
| 20:46 | Construir | House |
| 20:55 | Construir | Farm |
| 21:00 | Crear | Villager (Male) |
| 21:01 | Crear | Villager (Male) |
| 21:26 | Crear | Villager (Male) |
| 21:26 | Crear | Villager (Male) |
| 21:28 | Construir | House |
| 21:31 | Construir | Farm |
| 21:31 | Construir | Farm |
| 21:31 | Construir | Farm |
| 21:32 | Construir | Farm |
| 21:32 | Construir | Farm |
| 21:33 | Crear | Villager (Male) |
| 21:33 | Crear | Villager (Male) |
| 21:34 | Crear | Villager (Male) |
| 21:40 | Construir | House |
| 21:43 | Crear | Villager (Male) |
| 21:52 | Construir | Farm |
| 21:52 | Construir | Farm |
| 21:57 | Crear | Villager (Male) |
| 22:15 | Construir | Farm |
| 22:17 | Construir | Farm |
| 22:18 | Construir | Farm |
| 22:23 | Crear | Villager (Male) |
| 22:23 | Crear | Villager (Male) |
| 22:24 | Crear | Villager (Male) |
| 22:28 | Construir | Farm |
| 22:31 | Crear | Villager (Male) |
| 22:31 | Crear | Villager (Male) |
| 22:33 | Investigar | Gold Mining |
Build order — TheAngryHog
Primeras 150 de 370 acciones detectadas
| 0:01 | Crear | Villager (Male) |
| 0:01 | Crear | Villager (Male) |
| 0:02 | Crear | Villager (Male) |
| 0:03 | Construir | House |
| 0:05 | Construir | House |
| 0:10 | Crear | Villager (Male) |
| 0:16 | Crear | Villager (Male) |
| 0:16 | Crear | Villager (Male) |
| 1:21 | Crear | Villager (Male) |
| 2:00 | Crear | Villager (Male) |
| 2:05 | Construir | Lumber Camp |
| 2:12 | Crear | Villager (Male) |
| 2:42 | Crear | Villager (Male) |
| 2:42 | Crear | Villager (Male) |
| 2:57 | Crear | Villager (Male) |
| 3:23 | Construir | House |
| 3:28 | Crear | Villager (Male) |
| 4:11 | Crear | Villager (Male) |
| 4:11 | Crear | Villager (Male) |
| 4:12 | Crear | Villager (Male) |
| 4:33 | Construir | House |
| 4:42 | Crear | Villager (Male) |
| 4:42 | Crear | Villager (Male) |
| 5:00 | Construir | Mill |
| 5:26 | Crear | Villager (Male) |
| 5:26 | Crear | Villager (Male) |
| 5:39 | Construir | Farm |
| 5:50 | Construir | Farm |
| 6:07 | Crear | Villager (Male) |
| 6:07 | Crear | Villager (Male) |
| 6:12 | Crear | Villager (Male) |
| 6:42 | Construir | Farm |
| 6:48 | Crear | Villager (Male) |
| 6:56 | Construir | House |
| 7:32 | Crear | Villager (Male) |
| 7:51 | Construir | Mining Camp |
| 8:19 | Investigar | Feudal Age |
| 9:29 | Crear | Villager (Male) |
| 9:29 | Crear | Villager (Male) |
| 10:19 | Investigar | Loom |
| 10:19 | Crear | Villager (Male) |
| 10:25 | Edad | Edad Feudal |
| 10:30 | Crear | Villager (Male) |
| 10:33 | Construir | Market |
| 10:35 | Construir | Blacksmith |
| 12:01 | Investigar | Castle Age |
| 12:01 | Investigar | Castle Age |
| 12:38 | Investigar | Double-Bit Axe |
| 12:38 | Investigar | Double-Bit Axe |
| 12:41 | Investigar | Horse Collar |
| 12:41 | Investigar | Horse Collar |
| 12:58 | Construir | Mining Camp |
| 13:26 | Investigar | Stone Mining |
| 13:38 | Crear | Villager (Male) |
| 13:38 | Crear | Villager (Male) |
| 13:59 | Construir | Farm |
| 14:01 | Construir | Farm |
| 14:22 | Construir | Farm |
| 14:26 | Edad | Edad de los Castillos |
| 14:30 | Crear | Villager (Male) |
| 15:01 | Construir | Farm |
| 15:02 | Crear | Villager (Male) |
| 15:07 | Crear | Villager (Male) |
| 15:19 | Investigar | Town Watch |
| 15:19 | Investigar | Town Watch |
| 15:25 | Construir | Farm |
| 15:54 | Crear | Villager (Male) |
| 16:13 | Construir | Farm |
| 16:14 | Crear | Villager (Male) |
| 16:37 | Construir | Farm |
| 16:48 | Construir | Castle |
| 16:50 | Crear | Villager (Male) |
| 16:58 | Construir | House |
| 16:59 | Construir | House |
| 17:06 | Crear | Villager (Male) |
| 17:07 | Crear | Villager (Male) |
| 17:38 | Construir | Mining Camp |
| 17:40 | Crear | Villager (Male) |
| 17:53 | Crear | Villager (Male) |
| 18:32 | Crear | Villager (Male) |
| 18:45 | Investigar | Fletching |
| 19:09 | Crear | Villager (Male) |
| 19:27 | Crear | Villager (Male) |
| 19:52 | Crear | Villager (Male) |
| 19:55 | Investigar | Bodkin Arrow |
| 20:12 | Construir | Lumber Camp |
| 20:29 | Crear | Villager (Male) |
| 20:32 | Crear | Villager (Male) |
| 20:55 | Crear | Villager (Male) |
| 20:58 | Construir | Town Center |
| 21:17 | Crear | Villager (Male) |
| 21:29 | Construir | Outpost |
| 21:30 | Crear | Villager (Male) |
| 21:33 | Crear | Villager (Male) |
| 22:05 | Crear | Villager (Male) |
| 22:11 | Crear | Villager (Male) |
| 22:57 | Construir | Castle |
| 23:00 | Crear | Villager (Male) |
| 23:05 | Crear | Villager (Male) ×5 |
| 23:24 | Crear | Villager (Male) ×2 |
| 23:27 | Construir | Farm |
| 23:31 | Construir | Farm |
| 23:32 | Construir | Farm |
| 23:35 | Construir | Farm |
| 23:36 | Construir | Farm |
| 23:57 | Crear | Villager (Male) ×3 |
| 24:10 | Crear | Villager (Male) |
| 24:19 | Construir | Farm |
| 24:21 | Construir | Farm |
| 24:46 | Crear | Villager (Male) ×2 |
| 24:56 | Construir | Outpost |
| 25:00 | Crear | Villager (Male) |
| 25:04 | Construir | Farm |
| 25:06 | Construir | Farm |
| 25:07 | Construir | Farm |
| 25:09 | Construir | Farm |
| 25:13 | Construir | Farm |
| 25:14 | Crear | Villager (Male) ×2 |
| 25:35 | Crear | Villager (Male) ×5 |
| 25:41 | Construir | Farm |
| 25:47 | Construir | Farm |
| 25:50 | Construir | Farm |
| 25:53 | Crear | Villager (Male) |
| 26:06 | Investigar | Wheelbarrow |
| 26:20 | Construir | Lumber Camp |
| 26:26 | Construir | University |
| 26:28 | Construir | House |
| 26:33 | Crear | Villager (Male) ×5 |
| 26:53 | Investigar | Bow Saw |
| 27:23 | Investigar | Heavy Plow |
| 27:23 | Investigar | Heavy Plow |
| 27:33 | Construir | House |
| 27:40 | Crear | Villager (Male) ×5 |
| 27:46 | Investigar | Masonry |
| 27:46 | Investigar | Masonry |
| 28:10 | Crear | Villager (Male) ×4 |
| 28:16 | Construir | House |
| 28:17 | Construir | House |
| 28:32 | Construir | Barracks |
| 28:44 | Investigar | Forging |
| 28:53 | Investigar | Ballistics |
| 28:57 | Crear | Villager (Male) ×4 |
| 29:03 | Construir | Farm |
| 29:18 | Investigar | Murder Holes |
| 29:28 | Construir | House |
| 29:29 | Construir | House |
| 29:31 | Construir | House |
| 29:35 | Construir | Stable |
| 30:18 | Crear | Villager (Male) ×5 |
| 30:28 | Crear | Villager (Male) |
Build order — LicKawamas97
Primeras 150 de 525 acciones detectadas
| 0:01 | Crear | Villager (Male) |
| 0:01 | Crear | Villager (Male) |
| 0:01 | Crear | Villager (Male) |
| 0:02 | Crear | Villager (Male) |
| 0:02 | Crear | Villager (Male) |
| 0:02 | Crear | Villager (Male) |
| 0:03 | Construir | House |
| 0:05 | Construir | House |
| 1:24 | Crear | Villager (Male) |
| 1:25 | Crear | Villager (Male) |
| 1:25 | Crear | Villager (Male) |
| 1:52 | Construir | Lumber Camp |
| 2:02 | Crear | Villager (Male) |
| 2:02 | Crear | Villager (Male) |
| 2:03 | Crear | Villager (Male) |
| 2:15 | Crear | Villager (Male) |
| 2:15 | Crear | Villager (Male) |
| 2:15 | Crear | Villager (Male) |
| 2:46 | Crear | Villager (Male) |
| 2:46 | Crear | Villager (Male) |
| 2:46 | Crear | Villager (Male) |
| 3:08 | Crear | Villager (Male) |
| 3:44 | Crear | Villager (Male) |
| 3:45 | Crear | Villager (Male) |
| 3:53 | Construir | House |
| 3:54 | Construir | House |
| 3:55 | Construir | House |
| 3:56 | Construir | House |
| 4:06 | Crear | Villager (Male) |
| 4:07 | Crear | Villager (Male) |
| 4:07 | Crear | Villager (Male) |
| 4:41 | Construir | Mill |
| 4:48 | Crear | Villager (Male) |
| 4:48 | Crear | Villager (Male) |
| 4:48 | Crear | Villager (Male) |
| 4:49 | Crear | Villager (Male) |
| 5:04 | Crear | Villager (Male) |
| 5:04 | Crear | Villager (Male) |
| 5:05 | Crear | Villager (Male) |
| 5:05 | Crear | Villager (Male) |
| 6:16 | Crear | Villager (Male) |
| 6:17 | Crear | Villager (Male) |
| 6:17 | Crear | Villager (Male) |
| 6:25 | Construir | Farm |
| 6:26 | Construir | Farm |
| 6:28 | Crear | Villager (Male) |
| 6:57 | Crear | Villager (Male) |
| 7:14 | Crear | Villager (Male) |
| 7:42 | Crear | Villager (Male) |
| 7:59 | Construir | Mining Camp |
| 8:08 | Construir | Mill |
| 8:19 | Construir | Farm |
| 8:23 | Investigar | Feudal Age |
| 8:23 | Investigar | Feudal Age |
| 8:23 | Investigar | Feudal Age |
| 10:22 | Crear | Villager (Male) |
| 10:22 | Crear | Villager (Male) |
| 10:46 | Construir | Market |
| 10:48 | Construir | Blacksmith |
| 11:20 | Crear | Villager (Male) |
| 12:29 | Investigar | Castle Age |
| 12:40 | Construir | Farm |
| 13:09 | Construir | House |
| 14:26 | Investigar | Double-Bit Axe |
| 14:26 | Investigar | Horse Collar |
| 14:27 | Investigar | Horse Collar |
| 14:27 | Investigar | Horse Collar |
| 14:56 | Investigar | Wheelbarrow |
| 15:13 | Construir | Town Center |
| 15:17 | Construir | Siege Workshop |
| 15:24 | Investigar | Town Watch |
| 15:37 | Construir | Farm |
| 15:39 | Construir | Farm |
| 15:52 | Crear | Mangonel |
| 16:19 | Crear | Villager (Male) |
| 16:36 | Crear | Villager (Male) |
| 16:42 | Construir | Monastery |
| 16:44 | Crear | Villager (Male) |
| 16:57 | Construir | Mining Camp |
| 16:58 | Crear | Villager (Male) |
| 17:02 | Crear | Villager (Male) |
| 17:26 | Crear | Villager (Male) |
| 17:27 | Crear | Monk |
| 17:29 | Crear | Mangonel |
| 17:42 | Construir | House |
| 17:43 | Construir | House |
| 17:44 | Construir | House |
| 17:53 | Construir | Outpost |
| 17:55 | Investigar | Loom |
| 17:55 | Crear | Villager (Male) |
| 18:08 | Crear | Villager (Male) |
| 18:11 | Construir | House |
| 18:12 | Construir | House |
| 18:17 | Construir | House |
| 18:19 | Construir | Palisade Wall |
| 18:27 | Crear | Villager (Male) |
| 18:29 | Construir | Farm |
| 18:31 | Construir | Farm |
| 18:33 | Construir | Farm |
| 18:36 | Crear | Monk |
| 18:51 | Crear | Villager (Male) |
| 18:51 | Crear | Villager (Male) |
| 19:22 | Construir | House |
| 19:25 | Crear | Villager (Male) |
| 19:28 | Crear | Villager (Male) |
| 19:31 | Construir | Gate |
| 19:38 | Construir | Farm |
| 19:39 | Construir | Farm |
| 19:39 | Construir | Farm |
| 19:39 | Construir | Farm |
| 19:39 | Construir | Farm |
| 19:39 | Construir | Farm |
| 19:39 | Construir | Farm |
| 19:40 | Construir | Farm |
| 19:40 | Construir | Farm |
| 19:40 | Construir | Farm |
| 19:44 | Crear | Villager (Male) |
| 19:49 | Construir | House |
| 19:53 | Crear | Villager (Male) |
| 19:53 | Crear | Villager (Male) |
| 20:03 | Crear | Villager (Male) |
| 20:03 | Crear | Villager (Male) |
| 20:06 | Crear | Villager (Male) |
| 20:46 | Construir | Stone Wall |
| 20:46 | Crear | Villager (Male) |
| 20:47 | Crear | Villager (Male) |
| 20:47 | Crear | Villager (Male) |
| 20:47 | Crear | Villager (Male) |
| 20:47 | Crear | Villager (Male) |
| 20:58 | Construir | House |
| 21:06 | Construir | Market |
| 21:08 | Crear | Villager (Male) |
| 21:11 | Crear | Villager (Male) |
| 21:12 | Crear | Villager (Male) |
| 21:12 | Crear | Villager (Male) |
| 21:12 | Crear | Villager (Male) |
| 21:20 | Construir | Stone Wall |
| 21:30 | Construir | Farm |
| 21:30 | Construir | Farm |
| 21:31 | Construir | Farm |
| 21:31 | Construir | Farm |
| 21:49 | Crear | Villager (Male) |
| 21:58 | Construir | Palisade Wall |
| 22:06 | Construir | Outpost |
| 22:07 | Crear | Villager (Male) |
| 22:14 | Construir | Farm |
| 22:18 | Construir | Farm |
| 22:20 | Construir | Farm |
| 22:28 | Construir | Farm |
| 22:28 | Construir | Farm |
Build order — Noxx
Primeras 150 de 453 acciones detectadas
| 0:00 | Crear | Villager (Male) |
| 0:01 | Crear | Villager (Male) |
| 0:02 | Construir | House |
| 0:03 | Construir | House |
| 0:20 | Crear | Villager (Male) |
| 0:28 | Crear | Villager (Male) |
| 1:32 | Crear | Villager (Male) |
| 1:51 | Crear | Villager (Male) |
| 2:22 | Construir | Lumber Camp |
| 2:27 | Crear | Villager (Male) |
| 2:32 | Crear | Villager (Male) |
| 3:14 | Crear | Villager (Male) |
| 3:14 | Crear | Villager (Male) |
| 3:58 | Construir | House |
| 4:00 | Construir | House |
| 4:02 | Crear | Villager (Male) |
| 4:23 | Crear | Villager (Male) |
| 4:52 | Construir | Mill |
| 4:55 | Crear | Villager (Male) |
| 5:08 | Crear | Villager (Male) |
| 5:46 | Crear | Villager (Male) |
| 5:57 | Crear | Villager (Male) |
| 6:25 | Crear | Villager (Male) |
| 6:57 | Crear | Villager (Male) |
| 7:09 | Construir | Farm |
| 7:18 | Crear | Villager (Male) |
| 7:33 | Construir | Farm |
| 7:53 | Crear | Villager (Male) |
| 7:58 | Construir | Farm |
| 8:15 | Crear | Villager (Male) |
| 8:28 | Investigar | Feudal Age |
| 9:36 | Crear | Villager (Male) |
| 9:37 | Crear | Villager (Male) |
| 9:42 | Construir | House |
| 10:56 | Edad | Edad Feudal |
| 10:57 | Construir | Market |
| 10:59 | Construir | Blacksmith |
| 11:03 | Investigar | Double-Bit Axe |
| 11:18 | Investigar | Horse Collar |
| 11:26 | Construir | Farm |
| 11:44 | Investigar | Castle Age |
| 12:08 | Construir | Farm |
| 12:10 | Construir | Farm |
| 12:35 | Construir | House |
| 12:54 | Crear | Villager (Male) |
| 12:55 | Crear | Villager (Male) |
| 12:59 | Construir | Farm |
| 13:02 | Construir | Farm |
| 14:26 | Edad | Edad de los Castillos |
| 14:28 | Construir | Town Center |
| 14:32 | Construir | Town Center |
| 14:37 | Crear | Villager (Male) |
| 14:39 | Investigar | Bow Saw |
| 15:17 | Crear | Villager (Male) |
| 15:26 | Investigar | Heavy Plow |
| 15:32 | Crear | Villager (Male) |
| 15:38 | Construir | Farm |
| 15:44 | Crear | Villager (Male) |
| 15:45 | Crear | Villager (Male) |
| 15:46 | Crear | Villager (Male) |
| 15:48 | Construir | Farm |
| 16:04 | Crear | Villager (Male) |
| 16:15 | Crear | Villager (Male) |
| 16:16 | Crear | Villager (Male) |
| 16:23 | Construir | Siege Workshop |
| 16:27 | Construir | Stone Wall |
| 16:31 | Construir | Stone Wall |
| 16:36 | Construir | Stone Wall |
| 16:38 | Crear | Villager (Male) |
| 16:42 | Construir | Stone Wall |
| 16:42 | Construir | Stone Wall |
| 16:44 | Crear | Villager (Male) |
| 16:45 | Crear | Villager (Male) |
| 16:49 | Construir | Stone Wall |
| 16:49 | Construir | Stone Wall |
| 16:50 | Crear | Villager (Male) |
| 16:54 | Crear | Villager (Male) |
| 17:09 | Construir | Mining Camp |
| 17:20 | Crear | Mangonel |
| 17:21 | Crear | Villager (Male) |
| 17:37 | Crear | Villager (Male) |
| 17:40 | Construir | House |
| 17:42 | Construir | House |
| 17:46 | Construir | Farm |
| 17:46 | Construir | Farm |
| 17:46 | Construir | Farm |
| 18:00 | Construir | Farm |
| 18:02 | Construir | Farm |
| 18:04 | Construir | Farm |
| 18:07 | Construir | House |
| 18:10 | Crear | Villager (Male) |
| 18:22 | Crear | Villager (Male) |
| 18:32 | Construir | Farm |
| 18:35 | Construir | Farm |
| 18:38 | Crear | Villager (Male) |
| 18:40 | Investigar | Loom |
| 18:46 | Construir | Farm |
| 18:49 | Construir | Lumber Camp |
| 18:52 | Construir | Farm |
| 18:54 | Construir | Farm |
| 19:00 | Crear | Villager (Male) |
| 19:05 | Construir | House |
| 19:06 | Construir | House |
| 19:08 | Crear | Villager (Male) |
| 19:23 | Crear | Mangonel |
| 19:32 | Crear | Villager (Male) |
| 19:33 | Crear | Villager (Male) |
| 19:38 | Construir | Farm |
| 19:41 | Construir | Farm |
| 19:42 | Crear | Villager (Male) |
| 19:48 | Construir | Farm |
| 19:48 | Crear | Villager (Male) |
| 19:52 | Construir | Farm |
| 19:58 | Construir | House |
| 19:59 | Construir | House |
| 19:59 | Construir | House |
| 20:01 | Crear | Villager (Male) |
| 20:18 | Crear | Villager (Male) |
| 20:24 | Crear | Villager (Male) |
| 20:29 | Construir | Farm |
| 20:29 | Construir | Farm |
| 20:36 | Crear | Mangonel |
| 20:37 | Crear | Villager (Male) |
| 20:56 | Crear | Villager (Male) |
| 21:00 | Crear | Villager (Male) |
| 21:00 | Crear | Villager (Male) |
| 21:03 | Crear | Villager (Male) |
| 21:05 | Construir | Farm |
| 21:06 | Construir | Farm |
| 21:12 | Crear | Villager (Male) |
| 21:20 | Crear | Villager (Male) |
| 21:23 | Construir | Mill |
| 21:24 | Construir | Farm |
| 21:24 | Construir | Farm |
| 21:24 | Construir | Farm |
| 21:24 | Construir | Farm |
| 21:24 | Construir | Farm |
| 21:25 | Construir | Farm |
| 21:27 | Crear | Villager (Male) |
| 21:42 | Crear | Villager (Male) |
| 21:42 | Crear | Villager (Male) |
| 21:46 | Construir | Farm |
| 21:47 | Crear | Villager (Male) |
| 21:49 | Construir | Farm |
| 21:51 | Construir | Farm |
| 21:52 | Crear | Villager (Male) |
| 21:54 | Crear | Villager (Male) |
| 22:15 | Crear | Mangonel |
| 22:18 | Crear | Villager (Male) |
| 22:24 | Crear | Villager (Male) |
Build order — Darken
Primeras 150 de 446 acciones detectadas
| 0:01 | Crear | Villager (Male) |
| 0:01 | Crear | Villager (Male) |
| 0:02 | Construir | House |
| 0:03 | Construir | House |
| 0:21 | Crear | Villager (Male) |
| 0:39 | Crear | Villager (Male) |
| 1:30 | Crear | Villager (Male) |
| 1:45 | Construir | Lumber Camp |
| 2:02 | Crear | Villager (Male) |
| 2:25 | Crear | Villager (Male) |
| 2:43 | Crear | Villager (Male) |
| 3:09 | Crear | Villager (Male) |
| 3:46 | Crear | Villager (Male) |
| 3:50 | Construir | House |
| 3:55 | Construir | Mill |
| 4:14 | Crear | Villager (Male) |
| 4:14 | Crear | Villager (Male) |
| 4:57 | Crear | Villager (Male) |
| 4:57 | Crear | Villager (Male) |
| 5:26 | Crear | Villager (Male) |
| 5:33 | Construir | House |
| 6:12 | Crear | Villager (Male) |
| 6:33 | Construir | Mill |
| 6:45 | Crear | Villager (Male) |
| 6:46 | Crear | Villager (Male) |
| 7:25 | Crear | Villager (Male) |
| 7:43 | Construir | Mining Camp |
| 8:01 | Investigar | Feudal Age |
| 8:26 | Crear | Villager (Male) |
| 8:26 | Crear | Villager (Male) |
| 10:11 | Edad | Edad Feudal |
| 10:13 | Construir | Market |
| 10:16 | Construir | Blacksmith |
| 10:43 | Construir | Mining Camp |
| 11:13 | Investigar | Loom |
| 11:42 | Investigar | Castle Age |
| 12:24 | Crear | Villager (Male) |
| 12:50 | Construir | House |
| 13:59 | Construir | Lumber Camp |
| 14:02 | Crear | Villager (Male) |
| 14:22 | Edad | Edad de los Castillos |
| 14:32 | Construir | Castle |
| 14:39 | Construir | Palisade Wall |
| 14:41 | Construir | Palisade Wall |
| 14:43 | Construir | Palisade Wall |
| 14:49 | Construir | Palisade Wall |
| 14:51 | Construir | Palisade Wall |
| 14:58 | Construir | Palisade Wall |
| 15:04 | Crear | Villager (Male) |
| 15:12 | Construir | Farm |
| 15:13 | Construir | Farm |
| 15:42 | Crear | Villager (Male) |
| 15:42 | Crear | Villager (Male) |
| 15:53 | Construir | Farm |
| 15:53 | Construir | Farm |
| 16:00 | Construir | Mining Camp |
| 16:01 | Crear | Hussite Wagon |
| 16:06 | Crear | Villager (Male) |
| 16:07 | Crear | Villager (Male) |
| 16:23 | Crear | Hussite Wagon |
| 16:41 | Construir | Farm |
| 17:28 | Crear | Hussite Wagon |
| 17:30 | Crear | Villager (Male) |
| 17:38 | Construir | Farm |
| 17:38 | Construir | Farm |
| 17:39 | Construir | Farm |
| 17:57 | Crear | Villager (Male) |
| 18:13 | Construir | Siege Workshop |
| 18:20 | Crear | Villager (Male) |
| 18:22 | Crear | Hussite Wagon |
| 18:49 | Investigar | Double-Bit Axe |
| 19:02 | Crear | Mangonel |
| 19:14 | Crear | Villager (Male) |
| 19:14 | Crear | Villager (Male) |
| 19:15 | Crear | Villager (Male) |
| 19:32 | Crear | Hussite Wagon |
| 19:39 | Construir | Farm |
| 19:39 | Construir | Farm |
| 19:40 | Construir | Farm |
| 19:41 | Construir | Farm |
| 19:41 | Construir | Farm |
| 19:41 | Construir | Farm |
| 19:42 | Construir | Farm |
| 19:42 | Construir | Farm |
| 19:42 | Construir | Farm |
| 19:42 | Construir | Farm |
| 19:43 | Construir | Farm |
| 19:43 | Crear | Villager (Male) |
| 19:47 | Construir | Farm |
| 20:08 | Crear | Villager (Male) |
| 20:32 | Crear | Villager (Male) |
| 21:02 | Crear | Mangonel |
| 21:06 | Crear | Villager (Male) |
| 21:06 | Crear | Villager (Male) |
| 21:10 | Construir | House |
| 21:11 | Construir | House |
| 21:39 | Crear | Mangonel |
| 21:41 | Crear | Hussite Wagon |
| 21:43 | Crear | Villager (Male) |
| 21:49 | Construir | Farm |
| 21:49 | Construir | Farm |
| 21:49 | Construir | Farm |
| 21:49 | Construir | Farm |
| 21:50 | Construir | Farm |
| 21:50 | Construir | Farm |
| 22:40 | Crear | Villager (Male) |
| 22:40 | Crear | Villager (Male) |
| 23:00 | Crear | Hussite Wagon |
| 23:01 | Crear | Hussite Wagon |
| 23:20 | Crear | Villager (Male) |
| 23:24 | Construir | Town Center |
| 23:41 | Crear | Villager (Male) |
| 23:43 | Investigar | Bow Saw |
| 24:13 | Crear | Villager (Male) |
| 24:32 | Crear | Villager (Male) |
| 24:32 | Crear | Villager (Male) |
| 24:39 | Construir | Farm |
| 24:39 | Construir | Farm |
| 24:39 | Construir | Farm |
| 24:43 | Crear | Hussite Wagon |
| 24:47 | Crear | Villager (Male) |
| 24:48 | Crear | Villager (Male) |
| 25:10 | Investigar | Horse Collar |
| 25:10 | Investigar | Horse Collar |
| 25:10 | Investigar | Horse Collar |
| 25:10 | Investigar | Horse Collar |
| 25:40 | Crear | Villager (Male) |
| 25:41 | Investigar | Wheelbarrow |
| 25:41 | Crear | Villager (Male) |
| 25:42 | Crear | Villager (Male) |
| 25:58 | Construir | Farm |
| 25:58 | Construir | Farm |
| 25:59 | Construir | Farm |
| 25:59 | Construir | Farm |
| 26:01 | Construir | Farm |
| 26:28 | Crear | Petard |
| 26:28 | Crear | Petard |
| 26:37 | Crear | Hussite Wagon |
| 26:38 | Crear | Hussite Wagon |
| 26:47 | Crear | Villager (Male) |
| 26:47 | Crear | Villager (Male) |
| 26:51 | Construir | Farm |
| 26:51 | Construir | Farm |
| 26:52 | Construir | Farm |
| 26:57 | Construir | Farm |
| 26:57 | Construir | Farm |
| 26:57 | Construir | Farm |
| 27:19 | Crear | Petard |
| 27:20 | Crear | Hussite Wagon |
| 27:20 | Crear | Hussite Wagon |
Cronología de la partida
| 8:50 | Qian · first_building Barracks |
| 10:11 | Darken · age_up feudal |
| 10:15 | ELEG | Gabo · age_up feudal |
| 10:25 | TheAngryHog · age_up feudal |
| 10:56 | Qian · age_up feudal |
| 10:56 | Noxx · age_up feudal |
| 11:03 | Qian · first_building Stable |
| 11:29 | ELEG | Gabo · first_market_sell 100 wood |
| 11:30 | ELEG | Gabo · first_market_buy 100 food |
| 11:38 | ELEG | Rafcelot · age_up feudal |
| 11:43 | TheAngryHog · first_market_buy 100 food |
| 11:45 | TheAngryHog · first_market_sell 100 wood |
| 11:46 | Čiko · age_up feudal |
| 14:22 | Darken · age_up castle |
| 14:26 | Noxx · age_up castle |
| 14:26 | TheAngryHog · age_up castle |
| 14:32 | Darken · first_building Castle |
| 14:36 | Qian · age_up castle |
| 14:39 | Darken · wall_segment Palisade Wall x1 |
| 14:41 | Darken · wall_segment Palisade Wall x1 |
| 14:43 | Darken · wall_segment Palisade Wall x1 |
| 14:43 | ELEG | Gabo · age_up castle |
| 14:49 | Darken · wall_segment Palisade Wall x1 |
| 14:51 | Darken · wall_segment Palisade Wall x1 |
| 14:58 | Darken · wall_segment Palisade Wall x1 |
| 15:17 | LicKawamas97 · first_building Siege Workshop |
| 15:18 | Čiko · age_up castle |
| 15:41 | Čiko · first_building Castle |
| 16:07 | ELEG | Rafcelot · age_up castle |
| 16:23 | Noxx · first_building Siege Workshop |
| 16:27 | Noxx · wall_segment Stone Wall x1 |
| 16:31 | Noxx · wall_segment Stone Wall x1 |
| 16:36 | Noxx · wall_segment Stone Wall x1 |
| 16:42 | Noxx · wall_segment Stone Wall x1 |
| 16:42 | Noxx · wall_segment Stone Wall x1 |
| 16:42 | LicKawamas97 · first_building Monastery |
| 16:48 | TheAngryHog · first_building Castle |
| 16:49 | Noxx · wall_segment Stone Wall x5 |
| 16:49 | Noxx · wall_segment Stone Wall x1 |
| 17:17 | Noxx · first_market_sell 100 wood |
| 18:08 | Darken · first_market_buy 100 wood |
| 18:13 | Darken · first_building Siege Workshop |
| 18:19 | LicKawamas97 · wall_segment Palisade Wall x6 |
| 20:06 | Qian · first_building Monastery |
| 20:46 | LicKawamas97 · wall_segment Stone Wall x1 |
| 21:20 | LicKawamas97 · wall_segment Stone Wall x1 |
| 21:58 | LicKawamas97 · wall_segment Palisade Wall x1 |
| 23:33 | Noxx · wall_segment Stone Wall x3 |
| 23:36 | Noxx · wall_segment Stone Wall x2 |
| 23:40 | Noxx · wall_segment Stone Wall x4 |
| 23:45 | ELEG | Rafcelot · first_building Monastery |
| 24:03 | ELEG | Rafcelot · tribute_sent a jugador 1 |
| 24:03 | ELEG | Rafcelot · tribute_sent a jugador 2 |
| 24:03 | ELEG | Rafcelot · tribute_sent a jugador 3 |
| 24:03 | ELEG | Rafcelot · tribute_sent a jugador 5 |
| 24:03 | ELEG | Rafcelot · tribute_sent a jugador 6 |
| 24:03 | ELEG | Rafcelot · tribute_sent a jugador 7 |
| 24:03 | ELEG | Rafcelot · tribute_sent a jugador 8 |
| 24:15 | LicKawamas97 · first_building Castle |
| 24:33 | Čiko · first_market_buy 100 stone |
| 24:46 | ELEG | Rafcelot · first_market_sell 100 food |
| 24:57 | ELEG | Rafcelot · first_building Barracks |
| 25:00 | Noxx · first_market_buy 100 stone |
| 25:05 | Noxx · first_building Castle |
| 25:35 | ELEG | Gabo · first_building Castle |
| 26:08 | ELEG | Rafcelot · first_building Stable |
| 26:17 | ELEG | Rafcelot · wall_segment Palisade Wall x1 |
| 26:17 | LicKawamas97 · wall_segment Stone Wall x1 |
| 26:18 | ELEG | Rafcelot · wall_segment Palisade Wall x1 |
| 26:19 | LicKawamas97 · wall_segment Stone Wall x2 |
| 26:23 | LicKawamas97 · wall_segment Stone Wall x1 |
| 26:23 | ELEG | Gabo · wall_segment Stone Wall x2 |
| 26:23 | LicKawamas97 · wall_segment Stone Wall x1 |
| 26:24 | LicKawamas97 · wall_segment Stone Wall x1 |
| 26:29 | ELEG | Gabo · first_building Stable |
| 27:04 | ELEG | Rafcelot · first_market_buy 100 food |
| 27:16 | Qian · first_building Castle |
| 27:37 | ELEG | Gabo · age_up imperial |
| 28:00 | ELEG | Rafcelot · age_up imperial |
| 28:24 | ELEG | Rafcelot · first_building Castle |
| 28:32 | TheAngryHog · first_building Barracks |
| 28:50 | ELEG | Rafcelot · tribute_sent a jugador 1 |
| 28:50 | ELEG | Rafcelot · tribute_sent a jugador 2 |
| 28:50 | ELEG | Rafcelot · tribute_sent a jugador 3 |
| 28:50 | ELEG | Rafcelot · tribute_sent a jugador 5 |
| 28:50 | ELEG | Rafcelot · tribute_sent a jugador 6 |
| 28:50 | ELEG | Rafcelot · tribute_sent a jugador 7 |
| 28:50 | ELEG | Rafcelot · tribute_sent a jugador 8 |
| 29:17 | Noxx · age_up imperial |
| 29:35 | TheAngryHog · first_building Stable |
| 29:41 | LicKawamas97 · first_building Barracks |
| 30:07 | Qian · age_up imperial |
| 30:42 | LicKawamas97 · wall_segment Stone Wall x1 |
| 30:47 | LicKawamas97 · first_building Archery Range |
| 31:14 | Čiko · age_up imperial |
| 31:20 | LicKawamas97 · first_building Stable |
| 31:23 | Noxx · wall_segment Stone Wall x3 |
| 31:34 | Darken · wall_segment Stone Wall x8 |
| 31:47 | Čiko · first_market_sell 100 food |
| 32:22 | Qian · first_market_sell 100 wood |
| 32:27 | Qian · first_market_buy 100 food |
| 32:41 | LicKawamas97 · first_market_sell 500 food |
| 32:56 | Noxx · wall_segment Stone Wall x1 |
| 32:58 | LicKawamas97 · first_market_buy 100 stone |
| 32:58 | Noxx · wall_segment Stone Wall x1 |
| 33:19 | Darken · first_building Barracks |
| 33:27 | Noxx · wall_segment Stone Wall x1 |
| 33:28 | Noxx · wall_segment Stone Wall x1 |
| 33:34 | Čiko · first_building Barracks |
| 33:49 | Noxx · first_building Barracks |
| 34:01 | Darken · age_up imperial |
| 34:05 | Darken · first_building Archery Range |
| 34:13 | Čiko · first_building Stable |
| 34:17 | Čiko · first_building Archery Range |
| 34:28 | LicKawamas97 · wall_segment Stone Wall x1 |
| 34:30 | LicKawamas97 · wall_segment Stone Wall x1 |
| 34:47 | LicKawamas97 · wall_segment Stone Wall x1 |
| 36:36 | LicKawamas97 · wall_segment Stone Wall x1 |
| 36:38 | LicKawamas97 · wall_segment Stone Wall x1 |
| 36:41 | LicKawamas97 · wall_segment Stone Wall x1 |
| 37:15 | Čiko · first_building Siege Workshop |
| 37:21 | Darken · first_market_sell 100 food |
| 37:29 | Čiko · tribute_sent a jugador 1 |
| 37:29 | Čiko · tribute_sent a jugador 2 |
| 37:29 | Čiko · tribute_sent a jugador 4 |
| 37:29 | Čiko · tribute_sent a jugador 5 |
| 37:29 | Čiko · tribute_sent a jugador 6 |
| 37:29 | Čiko · tribute_sent a jugador 7 |
| 37:29 | Čiko · tribute_sent a jugador 8 |
| 37:58 | TheAngryHog · age_up imperial |
| 43:19 | Darken · wall_segment Stone Wall x7 |
| 44:54 | Darken · wall_segment Stone Wall x10 |
| 45:22 | LicKawamas97 · wall_segment Stone Wall x10 |
| 45:25 | LicKawamas97 · wall_segment Stone Wall x3 |
| 45:45 | Noxx · first_building Archery Range |
| 48:09 | LicKawamas97 · wall_segment Stone Wall x1 |
| 48:22 | Darken · tribute_sent a jugador 1 |
| 48:22 | Darken · tribute_sent a jugador 2 |
| 48:22 | Darken · tribute_sent a jugador 3 |
| 48:22 | Darken · tribute_sent a jugador 4 |
| 48:22 | Darken · tribute_sent a jugador 5 |
| 48:22 | Darken · tribute_sent a jugador 6 |
| 48:22 | Darken · tribute_sent a jugador 7 |
| 49:05 | LicKawamas97 · wall_segment Stone Wall x1 |
| 50:09 | LicKawamas97 · wall_segment Stone Wall x1 |
| 50:16 | LicKawamas97 · wall_segment Stone Wall x1 |
| 50:18 | LicKawamas97 · wall_segment Stone Wall x1 |
| 50:20 | ELEG | Gabo · resign |
| 50:22 | LicKawamas97 · wall_segment Stone Wall x2 |
| 50:27 | LicKawamas97 · wall_segment Stone Wall x1 |
| 50:29 | LicKawamas97 · wall_segment Stone Wall x1 |
[ ANÁLISIS IA · 1 CRÉDITO ]
¿Qué pasó realmente en esta partida?
Wolo.gg analiza cada decisión: build order, eco, micro, errores típicos por bracket. Análisis personalizado por WhatsApp o Discord en 30 segundos.
Guía civ
Jemeres
Perfil
ELEG | Gabo